 Dungeon Crawl Stone Soup version 0.27-a0-1378-gdefffd1ff6 (webtiles) character file.

Game seed: 6132795483085436051

512 pokeman the Magician (level 6, 0/34 HPs)
             Began as a Deep Elf Hedge Wizard on June 29, 2021.
             Was an Initiate of Vehumet.
             Slain by a scorpion (3 damage)
             ... on level 4 of the Dungeon.
             The game lasted 00:13:45 (4879 turns).

pokeman the Magician (Deep Elf Hedge Wizard)        Turns: 4879, Time: 00:13:46

Health: 0/34       AC:  4    Str:  7    XL:     6   Next: 99%
Magic:  0/18       EV: 16    Int: 21    God:    Vehumet [......]
Gold:   210        SH:  0    Dex: 14    Spells: 9/20 levels left

rFire    . . .     SeeInvis .   h - +0 mace
rCold    . . .     Faith    .   (no shield)
rNeg     . . .     Spirit   .   t - +0 leather armour
rPois    .         Reflect  .   c - +0 hat
rElec    .         Harm     .   (no cloak)
rCorr    .         Rampage  .   (no gloves)
Will     .....                  f - +0 pair of boots
Stlth    ++........             a - amulet of the acrobat
HPRegen  0.11/turn              b - +4 ring of evasion
MPRegen  0.16/turn              (no ring)

@: no status effects
A: no striking features
a: Renounce Religion


You were on level 4 of the Dungeon.
You worshipped Vehumet.
Vehumet was noncommittal.
You visited 2 branches of the dungeon, and saw 5 of its levels.

You collected 210 gold pieces.

Inventory:

Hand Weapons
 h - a +0 mace (weapon)
 u - a +2 hand crossbow of flaming
Missiles
 i - 85 arrows
 m - 31 bolts
Armour
 c - a +0 hat (worn)
 f - a +0 pair of boots (worn)
 t - a +0 leather armour (worn)
Jewellery
 a - an amulet of the acrobat (around neck)
 b - a +4 ring of evasion (left hand)
Wands
 r - a wand of flame (13)
Scrolls
 d - a scroll of amnesia {unknown}
 e - a scroll of magic mapping {unknown}
 j - 4 scrolls of identify {unknown}
 n - 2 scrolls of noise {unknown}
 p - 2 scrolls of teleportation {unknown}
 s - a scroll of vulnerability {unknown}
Potions
 g - a potion of brilliance {unknown}
 k - 2 potions of lignification {unknown}
 l - a potion of haste {unknown}
 o - 2 potions of curing {unknown}
 q - a potion of ambrosia {unknown}


   Skills:
 + Level 1.4 Fighting
 - Level 1.0 Armour
 - Level 3.0 Dodging
 - Level 3.2 Stealth
 * Level 7.5 Spellcasting
 + Level 3.6 Conjurations
 - Level 1.1 Summonings
 - Level 1.1 Translocations
 + Level 1.7 Fire Magic
 - Level 1.1 Air Magic
 - Level 1.0 Poison Magic
 - Level 1.0 Evocations


You had 9 spell levels left.
You knew the following spells:

 Your Spells              Type           Power      Damage    Failure   Level
a - Magic Dart            Conj           92%        1d7       2%          1
b - Mephitic Cloud        Conj/Pois/Air  16%        N/A       17%         3
c - Call Imp              Summ           12%        N/A       12%         2
d - Blink                 Tloc           N/A        N/A       12%         2
e - Conjure Flame         Conj/Fire      19%        6-21      12%         3

Your spell library contained the following spells:

 Spells                   Type           Power      Damage    Failure   Level
 Beastly Appendage        Tmut           14%        N/A       12%         1
 Slow                     Hex            7%         N/A       19%         2
 Wereblood                Tmut           7%         N/A       19%         2
 Teleport Other           Tloc           12%        N/A       24%         3
 Spider Form              Tmut/Pois      5%         N/A       30%         3
 Ice Form                 Ice/Tmut       7%         N/A       77%         4
 Leda's Liquefaction      Hex/Erth       3%         N/A       77%         4
 Manifold Assault         Tloc           12%        N/A       91%         5
 Summon Forest            Summ/Tloc      6%         N/A       91%         5


Dungeon Overview and Level Annotations

Branches:
Dungeon (4/15)             Temple (1/1) D:4

Altars:
Cheibriados
Elyvilon
Hepliaklqana
Makhleb
Nemelex Xobeh
Okawaru
Qazlal
Ru
Sif Muna
Trog
Vehumet
Yredelemnul
The Shining One


Message History

You hit the scorpion but do no damage.
The scorpion is almost dead.
The scorpion stings you.
You hit the scorpion but do no damage.
The scorpion is almost dead.
The scorpion stings you. The scorpion closely misses you.
You hit the scorpion but do no damage.
The scorpion is almost dead.
The scorpion stings you!
* * * LOW HITPOINT WARNING * * *
The scorpion stings you.
* * * LOW HITPOINT WARNING * * *
Casting: Magic Dart (safe; 2% risk of failure)
Confirm with . or Enter, or press ? or * to list all spells.
Aiming: Magic Dart (safe; 2% risk of failure)
Press: ? - help, Shift-Dir - straight line, f/p - scorpion
Aim: a scorpion (almost dead, 100% to hit)
The magic dart hits the scorpion but does no damage.
The scorpion is almost dead.
The scorpion stings you but does no damage.
Unknown command.
Casting: Magic Dart (safe; 2% risk of failure)
Confirm with . or Enter, or press ? or * to list all spells.
Aiming: Magic Dart (safe; 2% risk of failure)
Press: ? - help, Shift-Dir - straight line, f/p - scorpion
Aim: a scorpion (almost dead, 100% to hit)
The magic dart hits the scorpion but does no damage.
The scorpion is almost dead.
The scorpion misses you.
Unknown command.
The scorpion stings you but does no damage.
Casting: Magic Dart (safe; 2% risk of failure)
Confirm with . or Enter, or press ? or * to list all spells.
Aiming: Magic Dart (safe; 2% risk of failure)
Press: ? - help, Shift-Dir - straight line, f/p - scorpion
Aim: a scorpion (almost dead, 100% to hit)
The magic dart hits the scorpion but does no damage.
The scorpion is almost dead.
The scorpion stings you.
You die...

........#..## .†
#......#...# .. #.
##....#.....# ..###.##
#....####...##
.......####...# ##....
......##.....# ##...
#......##..# #...
##.........## ##..
#...@..###..## ####..
##...s........###..... .
##..........##.........
..##....?.###..###........
#.......)......##..###..##
#......)....#####.## #..#
.###...###.# #.. #..#
#....)..)# #.# #..#
#.....##### .. ##.#


You could see a scorpion.

Vanquished Creatures
  A necrophage (D:4)
  Jessica (D:3)
  Terence (D:3)
  An iguana (D:4)
  An orc wizard (D:4)
  A hound skeleton (D:4)
  4 gnolls (D:3)
  7 adders
  2 worms (D:3)
  A dart slug (D:1)
  3 orcs
  6 ball pythons
  7 endoplasms
  4 giant cockroaches
  7 goblins
  7 hobgoblins
  4 jackals
  2 quokkas (D:2)
  8 bats
  2 frilled lizards
  3 kobolds
  9 rats
82 creatures vanquished.

Vanquished Creatures (collateral kills)
  Sigmund (D:3)
  3 gnolls (D:3)
  A kobold (D:4)
5 creatures vanquished.

Vanquished Creatures (others)
  An orc (D:4)
1 creature vanquished.

Grand Total: 88 creatures vanquished

Notes
Turn   | Place    | Note
-------+----------+-------------------------------------------
     0 | D:1      | pokeman the Deep Elf Hedge Wizard began the quest for the
                  | Orb.
     0 | D:1      | Reached XP level 1. HP: 10/10 MP: 7/7
   666 | D:2      | Reached XP level 2. HP: 16/16 MP: 4/9
  1052 | D:2      | Got the Catalogue of Twisted Earth
  1322 | D:2      | Reached skill level 5 in Spellcasting
  1645 | D:2      | Reached XP level 3. HP: 20/20 MP: 8/11
  1649 | D:2      | Learned a level 3 spell: Conjure Flame
  1652 | D:2      | Learned a level 2 spell: Call Imp
  1656 | D:2      | Learned a level 3 spell: Mephitic Cloud
  1659 | D:2      | Learned a level 2 spell: Blink
  1982 | D:3      | Found a faded altar of an unknown god.
  2089 | D:3      | Found a basalt altar of Yredelemnul.
  2098 | D:3      | Found a sparkling altar of Nemelex Xobeh.
  2144 | D:3      | Reached skill level 1 in Armour
  2158 | D:3      | Reached skill level 1 in Fighting
  2449 | D:3      | Reached XP level 4. HP: 22/25 MP: 8/13
  2557 | D:3      | Noticed Sigmund
  2865 | D:3      | Noticed Jessica
  2872 | D:3      | Killed Jessica
  2873 | D:3      | Reached skill level 1 in Fire Magic
  2981 | D:3      | Killed Sigmund
  2982 | D:3      | Reached skill level 6 in Spellcasting
  2982 | D:3      | Reached skill level 1 in Air Magic
  2982 | D:3      | Reached XP level 5. HP: 11/29 MP: 1/16
  3235 | D:3      | Found a glowing golden altar of the Shining One.
  3274 | D:3      | Reached XP level 6. HP: 12/34 MP: 4/17
  3683 | D:3      | Noticed Terence
  3706 | D:3      | Killed Terence
  3975 | D:3      | Reached skill level 7 in Spellcasting
  4247 | D:4      | Reached skill level 1 in Poison Magic
  4270 | D:4      | Found a staircase to the Ecumenical Temple.
  4280 | Temple   | Entered the Ecumenical Temple
  4448 | Temple   | Became a worshipper of Vehumet
  4540 | D:4      | Reached skill level 1 in Evocations
  4879 | D:4      | Slain by a scorpion

Illustrated notes

Levels and vault maps discovered:
D:1:      scummos_arrival_forest, layout_basic
D:2:      minmay_razor_zed, layout_basic
D:3:      minmay_recursive_quarters, layout_basic,
          nemelex_xobeh_ov_fountains_minmay, general_overflow_altar,
          yredelemnul_altar_generic, chequers_ecumenical_altar_simple,
          hangedman_feature_mirror, kennysheep_small_spiral,
          lemuel_another_geyser, uniq_sigmund, uniq_jessica, uniq_terence
D:4:      layout_layer_cave, nicolae_overflow_crystal_walls,
          minmay_temple_entry_ruins, serial_shops, shop,
          amcnicky_mini_pool_small, minmay_misc_feat_columns, minmay_small_thing
Temple:   regret_index_temple_generic_petals

Skill      XL: |  1  2  3  4  5  6 |
---------------+-------------------+-----
Spellcasting   | 5 6 7 |  7.5
Conjurations   | 2 3 |  3.6
Armour         | 1 |  1.0
Fighting       | 1 |  1.4
Dodging        | 3 |  3.0
Fire Magic     | 1 |  1.7
Stealth        | 3 |  3.2
Air Magic      | 1 |  1.1
Poison Magic   | 1 |  1.0
Evocations     | 1 |  1.0
Summonings     | |  1.1
Translocations | |  1.1

Action                   |  1- 3 |  4- 6 || total
-------------------------+-------+-------++-------
Melee: Mace              |     4 |    46 ||    50
 Cast: Magic Dart        |    96 |   107 ||   203
       Call Imp          |     3 |     7 ||    10
       Mephitic Cloud    |     1 |     9 ||    10
       Conjure Flame     |     1 |     6 ||     7
 Stab: Sleeping          |     1 |       ||     1
       Confused          |       |     4 ||     4
Armor: Robe              |     8 |     3 ||    11
       Leather armour    |       |     4 ||     4
Dodge: Dodged            |    24 |    50 ||    74

Table legend: (Time is in decaauts)
 A = Elapsed time spent in this place.
 B = Non-inter-level travel time spent in this place.
 C = Inter-level travel time spent in this place.
 D = Time resting spent in this place.
 E = Time spent auto-exploring this place.
 F = Levels seen in this place.
 G = Mean time per level.
                   A        B        C        D        E       F      G
               +--------+--------+--------+--------+--------+-----+--------+
         Total |   4901 |   4740 |    161 |    534 |   3511 |   5 |  980.2 |
       Dungeon |   4704 |   4592 |    112 |    534 |   3366 |   4 | 1176.0 |
        Temple |    196 |    147 |     49 |      0 |    145 |   1 |  196.0 |
               +--------+--------+--------+--------+--------+-----+--------+

Top non-repeatable levels by time:
     D:3: 1826 daAuts
     D:2: 1771 daAuts
     D:1: 630 daAuts
     D:4: 475 daAuts
  Temple: 196 daAuts
